[Event "*** Titled Tuesday Blitz"]
[Site "Chess.com"]
[Date "2020.10.20"]
[Round "4"]
[White "AlphaHero0"]
[Black "ehrenfeld"]
[Result "0-1"]
[WhiteElo "1978"]
[BlackElo "2491"]
[TimeControl "180+1"]
[EndTime "10:41:33 PDT"]
[Termination "ehrenfeld won on time"]

1. e4 d6 2. Nf3 Nf6 3. c3 g6 4.
h3 Bg7 5. Bd3 O-O 6. Bc2 e5 7.
d4 Nc6 8. O-O Bd7 9. a3 a5 10.
Re1 h6 11. Nbd2 Nh5 12. Nf1 Nf4 13. Bxf4 exf4 14. N1d2 g5 15. Nh2 Ne7 16. Qh5 f6 17.
Ng4 Kh7 18. Nxf6+ Rxf6 19. e5+ Rf5 20. e6 Be8 21. Bxf5+ Nxf5 22. Qe2 Ne7 23. d5 Bg6 24. c4 Qf8 25. Nf3 Qf6 26. Rab1 Bxb1 27. Rxb1 Qf5 28. Rc1 a4 29. c5 Nxd5 30. cxd6 cxd6 31. Qd2 Qxe6 32. Rd1 Nf6 33. Qxd6 Qxd6 34. Rxd6 Rc8 35. Ne5 Rc1+ 36. Kh2 Rc2 37. Rb6 Rc7 38. Nf3 Nd5 0-1

[Event "*** Titled Tuesday Blitz"]
[Site "Chess.com"]
[Date "2020.10.20"]
[Round "4"]
[White "Nara_Kh"]
[Black "catzapto"]
[Result "1-0"]
[WhiteElo "2385"]
[BlackElo "2151"]
[TimeControl "180+1"]
[EndTime "10:41:33 PDT"]
[Termination "Nara_Kh won by checkmate"]

1. e4 c5 2. Nf3 e6 3. d4 cxd4 4. Nxd4 Nf6 5. Nc3 Bb4 6. e5 Nd5 7. Bd2 Nxc3 8. bxc3 Be7 9. Bd3 Nc6 10. f4 a6 11. Qg4 g6 12. Rb1 d5 13. O-O Qa5 14. Nb3 Qc7 15. a4 Bd7 16. Kh1 h5 17. Qe2 h4 18. a5 Nxa5 19. Nxa5 Qxa5 20. Rxb7 Bc6 21. c4 Qd8 22. Rxe7+ Qxe7 23. cxd5 Bxd5 24.
h3 O-O 25. Bxa6 Qc7 26. Bd3 Rfc8 27. Qg4 Bc4 28. Qxh4 Bxd3 29. cxd3 Qc2 30. Bb4 Qxd3 31. Rg1 Qf5 32. Be7 Qh5 33. Qf2 Rc3 34. Kh2 Rb8 35. Ra1 Rbb3 36. Bh4 Rb8 37. Bf6 Rbb3 38. Ra8+ Kh7 39.
Rh8# 1-0

[Event "*** Titled Tuesday Blitz"]
[Site "Chess.com"]
[Date "2020.10.20"]
[Round "4"]
[White "German_Bazeev"]
[Black "GMBenjaminBok"]
[Result "1/2-1/2"]
[WhiteElo "2713"]
[BlackElo "2932"]
[TimeControl "180+1"]
[EndTime "10:41:36 PDT"]
[Termination "Game drawn by agreement"]

1. d4 Nf6 2. Nf3 d5 3. c4 e6 4. g3 dxc4 5. Bg2 c6 6. Ne5 Bb4+ 7. Nc3 Nd5 8. Bd2 b5 9. a4 O-O 10. O-O a6 11. Qc2 Bb7 12. e4 Nxc3 13. bxc3 Be7 14. Rab1 Qc8 15. Qb2 Ra7 16. Be3 Nd7 17. f4 Nxe5 18.
dxe5 Ra8 19. f5 Bd8 20. f6 Bc7 21. fxg7 Kxg7 22. Bf4 Qb8 23. Qd2 Bxe5 24. Bh6+ Kh8 25. Bxf8 Qxf8 26. Qd7 Bc8 27. Qxc6 Rb8 28. axb5 axb5 29.
Rxb5 Rxb5 30. Qxb5 Bxc3 31. Qxc4 Bg7 32. Qc7 Kg8 33.
Bf3 Ba6 34. Rd1 Bf6 35. Bh5 Qe7 36. Rd7 Qb4 37. Bxf7+ Kh8 38. Rd8+ Bxd8 39. Qxd8+ Kg7 40. Qg8+ Kf6 41. e5+ Kxe5 42. Qg5+ Kd6 43. Qf4+ Qxf4 44. gxf4 Ke7 45. Bh5 Kf6 46. Bg4 Bc4 47. Kf2 e5 48. fxe5+ Kxe5 49. Bf3 Kf6 50. Kg3 h6 1/2-1/2

[Event "*** Titled Tuesday Blitz"]
[Site "Chess.com"]
[Date "2020.10.20"]
[Round "4"]
[White "Kaslask"]
[Black "alejanchess73"]
[Result "0-1"]
[WhiteElo "2297"]
[BlackElo "2442"]
[TimeControl "180+1"]
[EndTime "10:41:36 PDT"]
[Termination "alejanchess73 won on time"]

1. d4 Nf6 2. c4 g6 3. Nc3 d5 4. cxd5 Nxd5 5. Bd2 Bg7 6. e4 Nb6 7. Be3 O-O 8. f4 f5 9. e5 c6 10. Nf3 Be6 11. Be2 h6 12. O-O Nc4 13. Bc1 b5 14. b3 Nb6 15. Ba3 a5 16. Bc5 N8d7 17. Qc2 Nxc5 18.
dxc5 Nd5 19. Nxd5 Bxd5 20. Rad1 e6 21. Nd4 Qe7 22. Bf3 Rac8 23. Bxd5 cxd5 24. Rc1 g5 25. g3 b4 26. c6 Rf7 27. Qc5 Qe8 28. Nb5 Bf8 29. Nd6 Qd8 30. Kh1 Rfc7 31. g4 Rxc6 32. Qxc6 Rxc6 33. Rxc6 fxg4 34. f5 Bxd6 35. exd6 exf5 36. Re1 d4 37. Rec1 Qa8 38. Kg1 Kg7 39. d7 d3 40. Rd6 Qa7+ 41. Kf1 Qe3 42. Re1 Qf4+ 43. Kg1 Qxd6 0-1

[Event "*** Titled Tuesday Blitz"]
[Site "Chess.com"]
[Date "2020.10.20"]
[Round "4"]
[White "MVM2008"]
[Black "LastHeroJr"]
[Result "1-0"]
[WhiteElo "2144"]
[BlackElo "2376"]
[TimeControl "180+1"]
[EndTime "10:41:36 PDT"]
[Termination "MVM2008 won on time"]

1. d4 Nf6 2. Nf3 g6 3. g3 Bg7 4. Bg2 O-O 5. O-O d6 6. b3 c5 7. Bb2 cxd4 8. Nxd4 d5 9. Nf3 Nc6 10. Nbd2 Re8 11. Ne5 Qc7 12. Nxc6 bxc6 13. c4 e5 14. cxd5 cxd5 15. Rc1 Qe7 16. Nc4 e4 17. Bxf6 Bxf6 18. Qxd5 Bg4 19. Nd6 Rad8 20. Qxe4 Rxd6 21. Qxg4 Qxe2 22.
Qxe2 Rxe2 23. a4 Rdd2 24. Bf3 Re8 25. Rfd1 Red8 26. Rxd2 Rxd2 27. Rd1 Rb2 28. Rd3 Be7 29. Bd5 Bc5 30. Rf3 Kg7 31. Rxf7+ Kh6 32. Bc4 Rc2 33.
Kg2 g5 34. Rf6+ Kg7 35. Rf5 Be7 36. Ra5 Kf6 37. Ra6+ Ke5 38. Re6+ 1-0

[Event "*** Titled Tuesday Blitz"]
[Site "Chess.com"]
[Date "2020.10.20"]
[Round "4"]
[White "baki83"]
[Black "Illingworth"]
[Result "1-0"]
[WhiteElo "2756"]
[BlackElo "2897"]
[TimeControl "180+1"]
[EndTime "10:41:37 PDT"]
[Termination "baki83 won by checkmate"]

1. e4 e5 2. Nf3 Nc6 3. Bb5 a6 4. Ba4 Nf6 5. d3 b5 6. Bb3 Bc5 7. Nc3 d6 8. a4 Rb8 9. axb5 axb5 10. h3 h6 11. Be3 O-O 12. g4 Bxe3 13. fxe3 b4 14. Ne2 Nh7 15. Ng3 Ne7 16. Nf5 Be6 17. O-O Bxb3 18. cxb3 c5 19. Kh2 Nxf5 20.
gxf5 Kh8 21. Rg1 Nf6 22. Qe1 Rg8 23. Qh4 Ra8 24. Raf1 Qe7 25. Rg2 Ra7 26. Rfg1 Rd7 27. Nd2 d5 28. exd5 Rxd5 29. Ne4 Rdd8 30. Nxf6 Qxf6 31.
Qxf6 gxf6 32. Rxg8+ Rxg8 33. Rxg8+ Kxg8 34. Kg3 Kf8 35.
Kg4 Kg7 36. Kf3 h5 37. h4 Kf8 38. Ke4 Ke7 39. Kd5 e4 40. dxe4 Kd7 41. Kxc5 Kc7 42. Kxb4 Kd6 43. Kc4 Ke5 44. b4 Kxe4 45. b5 Kxf5 46.
Kd5 Kg4 47. b6 Kxh4 48. b7 Kg4 49. b8=Q Kf5 50. Qh8 Kg6 51. b4 f5 52. b5 f4 53. b6 fxe3 54. Qg8+ Kf5 55. Qe8 Kf4 56. Qe4+ Kg3 57. Qxe3+ Kg4 58. b7 f5 59. b8=Q h4 60. Qbf4+ Kh5 61. Qg5# 1-0

[Event "*** Titled Tuesday Blitz"]
[Site "Chess.com"]
[Date "2020.10.20"]
[Round "4"]
[White "Lagmantr"]
[Black "rynos0411"]
[Result "1-0"]
[WhiteElo "2732"]
[BlackElo "2499"]
[TimeControl "180+1"]
[EndTime "10:41:37 PDT"]
[Termination "Lagmantr won by resignation"]

1. Nf3 Nf6 2. c4 c6 3. g3 d5 4. Bg2 e6 5. O-O Bd6 6. b3 O-O 7. Bb2 Nbd7 8. d4 Re8 9. Nbd2 Qe7 10. Qc2 e5 11. e4 dxe4 12. Nxe4 Nxe4 13. Qxe4 Nf6 14.
Qh4 e4 15. Ne5 Bf5 16. Rae1 c5 17. Qf4 cxd4 18. Qxf5 Qxe5 19. Qxe5 Bxe5 20. Bxe4 Nxe4 21. Rxe4 f5 22. Re2 Kf7 23. Rd1 Rad8 24. Red2 f4 25. Kg2 fxg3 26. hxg3 g5 27. Bxd4 Bxd4 28. Rxd4 Rxd4 29.
Rxd4 Re7 30. Rd6 Kg7 31. a4 b6 32. a5 bxa5 33. Ra6 Rb7 34. Rxa5 Rxb3 35. Rxg5+ Kf6 36. Ra5 Rb7 37. Kf3 Rc7 38. Ra4 Kf5 39. g4+ Ke5 40. Ke3 Rg7 41. f4+ Kd6 42. g5 Kc5 43. Kd3 Rf7 44. Ra5+ Kb6 45. Rb5+ Kc6 46. f5 Rd7+ 47.
Ke4 Re7+ 48. Re5 Rf7 49. f6 Kd6 50. Kf5 Rc7 51. Re6+ Kc5 52. Re7 Rc8 53. Rxa7 Kxc4 54. Rxh7 Kd5 55. f7 Rc1 56. Kf6 Rf1+ 57. Kg7 1-0

[Event "*** Titled Tuesday Blitz"]
[Site "Chess.com"]
[Date "2020.10.20"]
[Round "4"]
[White "SCIM"]
[Black "Rodalquilar"]
[Result "0-1"]
[WhiteElo "2485"]
[BlackElo "2723"]
[TimeControl "180+1"]
[EndTime "10:41:37 PDT"]
[Termination "Rodalquilar won on time"]

1. d4 d5 2. c4 e6 3. Nf3 Nf6 4.
g3 Be7 5. Bg2 O-O 6. O-O dxc4 7.
Qc2 a6 8. a4 Bd7 9. Qxc4 Bc6 10. Bg5 a5 11. Nc3 Ra6 12. Rfe1 Rb6 13. e4 Rxb2 14. Rad1 Nbd7 15. d5 Nb6 16. Qd4 Bd7 17.
dxe6 fxe6 18. e5 Rb4 19. exf6 gxf6 20. Qe3 fxg5 21. Ne5 Bd6 22. Nxd7 Qxd7 23. Ne4 Qe7 24. Qxg5+ Qxg5 25. Nxg5 Bc5 26. Re2 Rxa4 27. Nxe6 Re8 28.
Rde1 Bd6 29. Bxb7 Rb4 30. Bc6 Re7 31. h4 a4 32. h5 a3 33. h6 Rb2 34. Re4 Kf7 35.
Ng5+ Kg6 36. Rxe7 Bxe7 37. f4 Bxg5 38. fxg5 a2 39. Re6+ Kxg5 0-1

[Event "*** Titled Tuesday Blitz"]
[Site "Chess.com"]
[Date "2020.10.20"]
[Round "4"]
[White "dopolian"]
[Black "kai_nov"]
[Result "1-0"]
[WhiteElo "2419"]
[BlackElo "2252"]
[TimeControl "180+1"]
[EndTime "10:41:38 PDT"]
[Termination "dopolian won on time"]

1. Nf3 c5 2. c4 Nc6 3. Nc3 e5 4. d3 d6 5. g3 Be7 6. Bg2 Nf6 7.
O-O O-O 8. a3 h6 9. Rb1 a5 10.
Nd2 Be6 11. Nd5 a4 12. Nxf6+ Bxf6 13. Ne4 Be7 14. Nc3 Qa5 15. Bd2 f5 16. f4 exf4 17.
gxf4 Bf6 18. e3 Kh8 19. Re1 Bg8 20. Kh1 Ra6 21. Rg1 Re8 22. Qc2 Qd8 23. Nxa4 d5 24. Nxc5 Rb6 25. cxd5 Bxd5 26. d4 Be4 27. Nxe4 fxe4 28.
Bxe4 Bxd4 29. exd4 Nxd4 30. Qd3 Rd6 31. Bb4 Rd7 32.
Rbd1 Qh4 33. Bc3 Red8 34. Qg3 Qe7 35. Rxd4 Rxd4 36. Bf3 R8d7 37. Bxd4 Rxd4 38. Re1 Qf7 39. Bg2 Rxf4 40. Qe3 Kh7 41. Be4+ 1-0

[Event "*** Titled Tuesday Blitz"]
[Site "Chess.com"]
[Date "2020.10.20"]
[Round "4"]
[White "Snegokhod"]
[Black "Chessbard1972"]
[Result "1-0"]
[WhiteElo "2445"]
[BlackElo "2298"]
[TimeControl "180+1"]
[EndTime "10:41:40 PDT"]
[Termination "Snegokhod won by resignation"]

1. e4 c5 2. Nf3 a6 3. c3 d5 4.
exd5 Qxd5 5. d4 Nf6 6. Be2 Bg4 7. c4 Qd6 8. d5 e6 9. Nc3 exd5 10. cxd5 Be7 11. O-O O-O 12. g3 Nbd7 13. Bf4 Qb6 14. d6 Bd8 15. Qd2 Re8 16. Rfe1 Qc6 17. Ng5 Ba5 18.
Bc4 Bh5 19. Re7 Rxe7 20. dxe7 Re8 21. Re1 h6 22. Nh3 b5 23. Bf1 Bf3 24. Bxh6 Ne4 25. Rxe4 Bxe4 26. Bxg7 Kxg7 27. Qg5+ Bg6 28. Nd5 Nf6 29.
Nhf4 Ne4 30. Nh5+ Kh7 31. Ndf6+ Nxf6 32. Nxf6+ Kg7 33. Nh5+ Kg8 34. Qh6 Bxh5 35. Qxc6 Rxe7 36. Qxc5 Re6 37. Qxh5 Bb6 38. Qg4+ Kf8 39. Kg2 Rf6 40. f4 Re6 41. h4 Rd6 42. h5 Bd4 43. b3 Bg7 44.
Qc8+ Ke7 45. Be2 Rd2 46. Kf3 Rd8 47. Qxa6 Rd6 48. Qxb5 Re6 49. Bc4 Rd6 50. Qb7+ Rd7 51. Qxd7+ Kxd7 52. Bxf7 Kd6 53. Bc4 Kc5 54. g4 Kb4 55. g5 Ka3 56. h6 Kxa2 57. hxg7 1-0

[Event "*** Titled Tuesday Blitz"]
[Site "Chess.com"]
[Date "2020.10.20"]
[Round "4"]
[White "Andrii_Prydun"]
[Black "JonahWillow"]
[Result "0-1"]
[WhiteElo "2386"]
[BlackElo "2638"]
[TimeControl "180+1"]
[EndTime "10:41:41 PDT"]
[Termination "JonahWillow won on time"]

1. d4 Nf6 2. Nf3 e6 3. e3 c5 4. Be2 cxd4 5. exd4 b6 6. O-O Bb7 7. a4 a6 8. Nbd2 Be7 9. Nc4 O-O 10. a5 b5 11. Nb6 Ra7 12. b3 d5 13. c3 Nbd7 14.
Nxd7 Qxd7 15. b4 Rc8 16. Bd2 Ne4 17. Rc1 Bd6 18. Be1 Bc6 19. Qb3 Rac7 20. Nd2 Bf4 21.
Rc2 Nd6 22. g3 Bh6 23. f4 Bb7 24. Nf3 Ne4 25. Bd3 f6 26. Nh4 g6 27. Ng2 Rc6 28. Ne3 Bf8 29. Ng4 Be7 30. Bxe4 dxe4 31. f5 gxf5 32. Rxf5 Kg7 33. Rh5 Rc4 34. Qb1 e5 35. h3 exd4 36. Qc1 e3 37. Rh2 Qc6 38.
Qd1 Qe4 39. Qe2 Rxc3 40. Qf1 Rc1 0-1

[Event "*** Titled Tuesday Blitz"]
[Site "Chess.com"]
[Date "2020.10.20"]
[Round "4"]
[White "TC2304"]
[Black "SamuelGhimpu2003"]
[Result "0-1"]
[WhiteElo "2269"]
[BlackElo "2581"]
[TimeControl "180+1"]
[EndTime "10:41:41 PDT"]
[Termination "SamuelGhimpu2003 won by resignation"]

1. d4 Nf6 2. Bg5 e6 3. e4 h6 4. Bxf6 Qxf6 5. c3 c5 6. Nf3 b6 7. d5 exd5 8. exd5 Bd6 9. Bc4 O-O 10. O-O Re8 11. Nbd2 Bf8 12. Re1 Rxe1+ 13. Qxe1 d6 14. Qe8 Bd7 15. Qe3 Bf5 16. Ne4 Qd8 17. Re1 Bh7 18. Bb5 Nd7 19. Qf4 Bxe4 20. Qxe4 Nf6 21. Qd3 Qc7 22. h3 a6 23. Bc6 Ra7 24. Nh4 b5 25.
Nf5 Qa5 26. Qg3 Qxa2 27. Nxh6+ Kh7 28. Nxf7 Rxf7 29. Re6 Qxb2 30. Qg5 Qxc3 31. Kh2 Qd4 32. Qg3 c4 33. Be8 Nxe8 34. Rxe8 c3 35. Rc8 b4 36. f4 Qxf4 37. Qxf4 Rxf4 38. Rc7 b3 39. Kg3 Rb4 40. Rxc3 b2 41. Rc4 Rxc4 0-1

[Event "*** Titled Tuesday Blitz"]
[Site "Chess.com"]
[Date "2020.10.20"]
[Round "4"]
[White "Susal_De_Silva"]
[Black "Fins0905"]
[Result "0-1"]
[WhiteElo "2420"]
[BlackElo "2634"]
[TimeControl "180+1"]
[EndTime "10:41:42 PDT"]
[Termination "Fins0905 won by resignation"]

1. e4 d5 2. exd5 Qxd5 3. Nc3 Qa5 4. Bc4 Nf6 5. Nf3 Bf5 6. d4 e6 7. Bd2 Bb4 8. O-O Nc6 9. a3 Bxc3 10. Bxc3 Qb6 11. d5 O-O-O 12. Bxf6 gxf6 13. Qd2 Ne7 14. Qh6 Nxd5 15. Bxd5 exd5 16. Qf4 Bxc2 17. Rac1 Be4 18. Nd2 Bd3 19. Rfe1 Rhe8 20. Rxe8 Rxe8 21. Nb3 Bc4 22. Nd2 Bd3 23. Nb3 Bg6 24. Nc5 Qxc5 25. Qg4+ f5 26.
Qd1 Qd6 27. Qa4 Qe6 28. h3 Kb8 29. Qa5 c6 30. Qc3 Qd6 31. Qg7 Qe5 32. Qh6 d4 33.
b4 f4 34. a4 d3 35. b5 d2 36. Rd1 Qe1+ 37. Kh2 Qxd1 38. Qxf4+ Ka8 39. bxc6 Qe1 40.
cxb7+ Kxb7 41. Qb4+ Kc6 42. Qb5+ Kd6 43. Qa6+ Ke7 44.
Qb5 Kf8 45. Qc5+ Kg8 46. Qc6 Qe5+ 47. g3 d1=Q 48. h4 Qe4 49. Qxe4 Bxe4 50. Kh3 Qf3 0-1

[Event "*** Titled Tuesday Blitz"]
[Site "Chess.com"]
[Date "2020.10.20"]
[Round "4"]
[White "boasovietica"]
[Black "Khnykin_Nikolay"]
[Result "1-0"]
[WhiteElo "2378"]
[BlackElo "2066"]
[TimeControl "180+1"]
[EndTime "10:41:42 PDT"]
[Termination "boasovietica won on time"]

1. e4 e6 2. d4 d5 3. Nd2 dxe4 4. Nxe4 Nf6 5. Bg5 Be7 6. Bxf6 Bxf6 7. Nf3 O-O 8.
Nxf6+ Qxf6 9. Bd3 c5 10. O-O cxd4 11. Nxd4 Rd8 12. Nf3 Nc6 13. c3 e5 14. Qc2 h6 15.
Rfe1 Bg4 16. Nd2 Rac8 17. Ne4 Qh4 18. Bf1 Nd4 19. Qa4 b5 20. Qxa7 Nc2 21. Bxb5 Nxa1 22. Rxa1 Bd1 23. Qe3 Bh5 24. a4 Bg6 25. Nc5 Qg4 26.
h3 Rd1+ 27. Rxd1 Qxd1+ 28. Kh2 Qd6 29. b4 e4+ 30. g3 Qf6 31. a5 Qe5 32. a6 Ra8 33.
Qd4 Qxd4 34. cxd4 f5 35. Bc6 Ra7 36. Bb7 Be8 37. Ne6 Bd7 38. Nc7 Kf7 39. b5 Ke7 40. b6 1-0

[Event "*** Titled Tuesday Blitz"]
[Site "Chess.com"]
[Date "2020.10.20"]
[Round "4"]
[White "Yoshikrov"]
[Black "chessmachine14"]
[Result "0-1"]
[WhiteElo "2116"]
[BlackElo "2329"]
[TimeControl "180+1"]
[EndTime "10:41:43 PDT"]
[Termination "chessmachine14 won by resignation"]

1. e4 c5 2. Nf3 e6 3. d4 cxd4 4.
Nxd4 Nf6 5. Nc3 d6 6. Bg5 Be7 7. Qd2 Nc6 8. Nb3 h6 9. Bh4 Nxe4 10. Nxe4 Bxh4 11. Nxd6+ Ke7 12. Nxc8+ Rxc8 13. Qxd8+ Rhxd8 14. c3 e5 15. Be2 e4 16. O-O f5 17. g3 Bg5 18. Rad1 g6 19. Rxd8 Rxd8 20. Rd1 Rxd1+ 21. Bxd1 Ne5 22. Nd4 Bc1 23. b3 Bb2 24.
Ne2 Nf3+ 25. Kg2 g5 26. c4 Kd6 27. Ng1 Ne1+ 28. Kf1 Nd3 29. Ke2 Nc1+ 30. Kd2 Nxa2 31. Kc2 Bd4 32. Ne2 Nb4+ 33. Kd2 Bxf2 34. Nc3 a6 35. Bh5 Bg1 36. h3 f4 37. Nxe4+ Ke5 38.
Nc3 fxg3 39. Ke2 g2 40. Kf3 Bd4 41. Ne2 g1=Q 42. Nxg1 Bxg1 43. Be8 Bd4 44. Bd7 b6 45. Bc8 a5 46. Kg4 Nc2 47. Kh5 Kf6 48. Kxh6 Na1 49.
Ba6 Nxb3 50. Bb5 Nc5 51. Kh5 a4 52. Bxa4 Nxa4 53. h4 gxh4 54. Kxh4 Nb2 55. Kg4 Nxc4 0-1

[Event "*** Titled Tuesday Blitz"]
[Site "Chess.com"]
[Date "2020.10.20"]
[Round "4"]
[White "Zhani-Z"]
[Black "exoticprincess"]
[Result "1-0"]
[WhiteElo "2545"]
[BlackElo "2838"]
[TimeControl "180+1"]
[EndTime "10:41:44 PDT"]
[Termination "Zhani-Z won by resignation"]

1. e4 c6 2. d4 d5 3. exd5 cxd5 4. Bd3 Nc6 5. c3 g6 6. Bf4 Bf5 7. Be2 e6 8. Nf3 Bd6 9. Bxd6 Qxd6 10. O-O Nge7 11.
Nbd2 O-O-O 12. b4 f6 13. b5 Nb8 14. c4 Nd7 15. Rc1 Kb8 16. c5 Qc7 17. Nb3 Ka8 18. a4 e5 19. a5 e4 20. Ne1 Nb8 21. Nc2 h5 22. Nb4 Bg4 23. b6 Qd7 24. a6 Nec6 25.
axb7+ Kxb7 26. Nxc6 Nxc6 27. Ra1 Ra8 28. bxa7 Kc7 29.
Qd2 Bxe2 30. Qxe2 Nxa7 31. Qd2 Nc6 32. Qf4+ Kb7 33. Rab1 Kc8 34. Qxf6 Rg8 35. Ra1 Rb8 36. Ra6 Kc7 37. Na5 Nxa5 38. Rxa5 Kc8 39. h3 g5 40. Rc1 g4 41. h4 g3 42. c6 gxf2+ 43. Qxf2 Qg4 44.
c7 1-0

[Event "*** Titled Tuesday Blitz"]
[Site "Chess.com"]
[Date "2020.10.20"]
[Round "4"]
[White "szefru"]
[Black "elcandado"]
[Result "0-1"]
[WhiteElo "2254"]
[BlackElo "2574"]
[TimeControl "180+1"]
[EndTime "10:41:44 PDT"]
[Termination "elcandado won by resignation"]

1. e4 d6 2. d4 Nf6 3. Nc3 e5 4. Nge2 Be7 5. f3 h5 6. Be3 c6 7. Qd2 b5 8. dxe5 dxe5 9. Qxd8+ Bxd8 10. O-O-O Bb6 11. Bxb6 axb6 12. a3 Be6 13. Kb1 Ke7 14. Nc1 h4 15. N1a2 Na6 16. Be2 g5 17. Rd2 Rhd8 18. Rhd1 Rxd2 19. Rxd2 Nh5 20. Bf1 Nf4 21. Ne2 Bxa2+ 22. Kxa2 Nxe2 23. Bxe2 Nc5 24. b4 Ne6 25. c3 Nf4 26. Bf1 Ne6 27. Kb3 f6 28. Rd1 Nc7 29. c4 bxc4+ 30. Bxc4 b5 31. Bf1 Ne6 32.
Rc1 Nd4+ 33. Kb2 Kd6 34. Rd1 Kc7 35. Rd2 h3 36. Rd3 hxg2 37. Bxg2 Rh8 38. h3 Ne6 39. Rc3 Nf4 40. Bf1 Kb6 41. Kb3 Rd8 42. a4 bxa4+ 43. Kxa4 Rd1 44. Bc4 Nxh3 45. Be6 Nf4 46.
Bf7 Ne2 47. Rc2 Ra1+ 48. Kb3 Nd4+ 49. Kc3 Ra3+ 50. Kb2 Nxc2 51. Kxc2 Rxf3 0-1

[Event "*** Titled Tuesday Blitz"]
[Site "Chess.com"]
[Date "2020.10.20"]
[Round "4"]
[White "LaPorfia"]
[Black "Caterpiller35"]
[Result "1-0"]
[WhiteElo "2313"]
[BlackElo "2425"]
[TimeControl "180+1"]
[EndTime "10:41:44 PDT"]
[Termination "LaPorfia won on time"]

1. d4 Nf6 2. Nf3 e6 3. Bf4 c5 4.
e3 d5 5. Nbd2 Bd6 6. Bg3 Qc7 7.
Ne5 Nbd7 8. f4 Ne4 9. Nxe4 dxe4 10. c3 O-O 11. Be2 f6 12. Nxd7 Bxd7 13. O-O Rad8 14.
a4 c4 15. Rf2 f5 16. Qf1 Rc8 17.
Bh4 b6 18. Kh1 a6 19. g4 b5 20. axb5 axb5 21. gxf5 exf5 22. Rg2 Be6 23. Qf2 Bd5 24. Rag1 Rf7 25. Bh5 Rd7 26. Bf6 Bf8 27. Be5 Qc6 28. Qh4 Ra8 29. Qh3 Qe6 30. Rg6 hxg6 31. Bxg6 Qxg6 32.
Rxg6 Ra1+ 33. Kg2 Bf7 34. Qxf5 Rda7 35. Rb6 b4 36. Rb8 bxc3 37. Qc8 Bh5 38. Qxf8+ Kh7 39. Qh8+ Kg6 40. f5+ Kg5 41. h4+ Kxh4 42. Bg3+ Kg4 43.
f6 1-0

[Event "*** Titled Tuesday Blitz"]
[Site "Chess.com"]
[Date "2020.10.20"]
[Round "4"]
[White "cstevens1"]
[Black "gagtemp"]
[Result "1-0"]
[WhiteElo "2661"]
[BlackElo "1951"]
[TimeControl "180+1"]
[EndTime "10:41:44 PDT"]
[Termination "cstevens1 won by resignation"]

1. e4 d5 2. exd5 Qxd5 3. Nc3 Qd6 4. Nf3 Nf6 5. d4 c6 6. Bc4 Bg4 7. Be3 e6 8. h3 Bh5 9. g4 Bg6 10. Ne5 Nbd7 11. f4 Qc7 12. Qf3 Bd6 13. O-O-O O-O-O 14. h4 h5 15. Nxg6 hxg4 16. Qf2 fxg6 17. Bxe6 Kb8 18. d5 c5 19. Nb5 Qb6 20. Nxd6 Qxd6 21. f5 Qa6 22.
Kb1 gxf5 23. Qxf5 Nb6 24. Bxc5 Na4 25. Bd4 Qb5 26. b3 Nc5 27. c4 Qb4 28. Qe5+ Ka8 29. Bc3 Qa3 30. Bb2 Qb4 31. h5 Nfe4 32. Qxg7 Nd2+ 33.
Kc2 Nce4 34. Qd4 g3 35. Rxd2 Nxd2 36. Qxd2 Qd6 37. Bxh8 Rxh8 38. h6 Qa3 39. Kb1 Qd6 40.
h7 a6 41. Qg5 Ka7 42. Qe3+ Ka8 43. Qd4 1-0

[Event "*** Titled Tuesday Blitz"]
[Site "Chess.com"]
[Date "2020.10.20"]
[Round "4"]
[White "ChessQueen"]
[Black "AwareIdea"]
[Result "1-0"]
[WhiteElo "2705"]
[BlackElo "2471"]
[TimeControl "180+1"]
[EndTime "10:41:45 PDT"]
[Termination "ChessQueen won by resignation"]

1. e4 e5 2. Nf3 Nc6 3. Bc4 Bc5 4.
b4 Bxb4 5. c3 Ba5 6. d4 exd4 7.
O-O Nge7 8. Qb3 O-O 9. cxd4 Bb6 10. Ng5 d5 11. exd5 Nxd4 12. Qd1 Nxd5 13. Nc3 Nxc3 14.
Qh5 Bf5 15. Nxf7 Rxf7 16. Bxf7+ Kh8 17. Bg5 Qf8 18. Rfe1 Nce2+ 19. Kh1 Qd6 20. Rxe2 Nxe2 21. Qxe2 h6 22. Be7 Qd3 23. Qxd3 Bxd3 24. Rd1 Bb5 25. f4 Ba4 26. Rd3 Be8 27. Be6 Bc6 28. f5 Re8 29.
f6 gxf6 30. Bxf6+ Kh7 31. Bf5+ Kg8 32. Rg3+ Kf7 33. Bc3 Re3 34. Rxe3 Bxe3 35. h4 Bd5 36.
a4 b6 37. Kh2 Bf4+ 38. g3 Be3 39.
Kh3 Bf3 40. Bd3 c5 41. Bc4+ Kg6 42. g4 h5 43. g5 Kf5 44. Kg3 Bg4 45. Bd3+ Ke6 46.
g6 Ke7 47. g7 Kf7 48. Bc4+ Ke7 49. g8=Q 1-0

[Event "*** Titled Tuesday Blitz"]
[Site "Chess.com"]
[Date "2020.10.20"]
[Round "4"]
[White "kot60"]
[Black "Korchmar_Vasiliy"]
[Result "0-1"]
[WhiteElo "2350"]
[BlackElo "2598"]
[TimeControl "180+1"]
[EndTime "10:41:45 PDT"]
[Termination "Korchmar_Vasiliy won on time"]

1. e4 c6 2. d4 d5 3. f3 Qb6 4.
c3 e5 5. Qb3 exd4 6. Qxb6 axb6 7. cxd4 dxe4 8. fxe4 Nf6 9. Nc3 Bb4 10. Bd3 O-O 11. Ne2 Re8 12. O-O Bg4 13. Ng3 Nbd7 14. a3 Bf8 15. Bf4 b5 16. e5 Nh5 17.
Nxh5 Bxh5 18. Bf5 Nb6 19. Ne4 Rad8 20. g4 Bg6 21. Bxg6 hxg6 22. Rad1 Nc4 23. Bc1 Rd7 24. Ng5 Red8 25. b3 Nxa3 26. e6 fxe6 27. Nxe6 Nc2 28. Nxd8 Rxd8 29. d5 cxd5 30. Bg5 Rd7 31.
Rd2 Nb4 32. Be3 Nc6 33. Rfd1 d4 34. Bf2 Bb4 35. Re2 d3 36. Re8+ Kh7 37. Kg2 d2 38. Be3 Rd3 39. Kf2 Rxb3 40. Bxd2 Bc5+ 41. Kf1 Rd3 42.
Ke2 Rh3 43. Bf4 Nd4+ 0-1

[Event "*** Titled Tuesday Blitz"]
[Site "Chess.com"]
[Date "2020.10.20"]
[Round "4"]
[White "Kazmin_Dmitrij"]
[Black "TV27"]
[Result "1-0"]
[WhiteElo "2263"]
[BlackElo "2047"]
[TimeControl "180+1"]
[EndTime "10:41:45 PDT"]
[Termination "Kazmin_Dmitrij won by checkmate"]

1. e4 c5 2. f4 Nc6 3. Nf3 g6 4. Bb5 Bg7 5. Bxc6 dxc6 6. d3 f5 7. e5 Be6 8. Be3 b6 9. Ng5 Qd7 10. Nc3 h6 11. Nxe6 Qxe6 12. Qf3 O-O-O 13. a4 a5 14. O-O h5 15. Rad1 Nh6 16. h3 Nf7 17. d4 cxd4 18. Bxd4 Kc7 19. Qe3 c5 20. Nb5+ Kb7 21.
Bc3 Rxd1 22. Rxd1 Rd8 23. Rd3 h4 24. Qd2 Rxd3 25. Qxd3 Bh6 26. Kh1 Qc6 27. e6 Qxe6 28. Qf3+ Qe4 29. Qf1 Bxf4 30. Be1 e5 31. Nc3 Qxc2 32.
Qb5 Qc1 33. Qd7+ Ka6 34. Qb5+ Kb7 35. Qd7+ Ka6 36. Qc8+ Ka7 37. Qd7+ Kb8 38. Qe8+ Kc7 39. Nb5+ Kb7 40. Qd7+ Ka6 41. Qa7# 1-0

[Event "*** Titled Tuesday Blitz"]
[Site "Chess.com"]
[Date "2020.10.20"]
[Round "4"]
[White "MateusViageiro"]
[Black "chessplayer9919"]
[Result "0-1"]
[WhiteElo "2358"]
[BlackElo "2616"]
[TimeControl "180+1"]
[EndTime "10:41:47 PDT"]
[Termination "chessplayer9919 won by checkmate"]

1. e4 e5 2. Nf3 Nc6 3. Bb5 Nf6 4. O-O Nxe4 5. d4 Nd6 6. Bxc6 dxc6 7. dxe5 Nf5 8. Qxd8+ Kxd8 9. Rd1+ Ke8 10. Nc3 Be7 11.
Ne4 h5 12. h3 Be6 13. Bg5 Bd5 14. Nfd2 Nd4 15. c3 Ne6 16. Be3 c5 17. f4 g6 18. Kf2 h4 19. c4 Bc6 20. Nc3 Rd8 21. Nde4 Nd4 22. Rd2 b6 23. Rad1 Nf5 24. Nd5 Rc8 25.
a3 a5 26. Nef6+ Bxf6 27. Nxf6+ Ke7 28. Nd5+ Ke6 29. Nf6 Bxg2 30. Bxc5 bxc5 31. Kxg2 Ne3+ 32. Kf3 Nxd1 33. Rxd1 Rhd8 34. Rh1 Rb8 35. Rh2 Rb3+ 36. Kg4 Rd4 37. Rf2 Rxc4 38. Kxh4 Kf5 39. Ng4 Rxf4 40. Rh2 g5+ 41. Kh5 Rff3 42. Nh6+ Kxe5 43. Re2+ Rbe3 44. Ng4+ Kf4 45. Nxe3 Rxh3# 0-1

[Event "*** Titled Tuesday Blitz"]
[Site "Chess.com"]
[Date "2020.10.20"]
[Round "4"]
[White "jonaszmb"]
[Black "GMTalks_Youtube"]
[Result "0-1"]
[WhiteElo "2408"]
[BlackElo "2612"]
[TimeControl "180+1"]
[EndTime "10:41:47 PDT"]
[Termination "GMTalks_Youtube won by checkmate"]

1. g3 d5 2. Bg2 g6 3. d4 Bg7 4. Nf3 Nf6 5. c4 c6 6. O-O O-O 7. Nbd2 Bf5 8. b3 a5 9. Bb2 Na6 10. Ne5 Qb6 11. c5 Qd8 12. a3 Nc7 13. f3 Nb5 14. a4 Nc7 15. e4 Be6 16. Qe2 Na6 17. Nd3 dxe4 18. fxe4 Qc7 19. Nc4 Rad8 20. Bc3 Nb4 21.
Nxb4 axb4 22. Bb2 Ng4 23. Rad1 h5 24. h3 Nf6 25. Qe3 Kh7 26. Qf4 Qxf4 27. gxf4 h4 28. Kh2 Nh5 29. f5 gxf5 30. exf5 Bd5 31. Bxd5 Rxd5 32.
Ne3 Rd7 33. Ba1 Ng3 34. Rf4 Bf6 35. d5 Bg5 36. Rg4 f6 37. Nf1 Rxd5 38. Nxg3 hxg3+ 39. Kxg3 Rxd1 40. h4 Rd3+ 41. Kh2 Bh6 42. h5 Rfd8 43. Bb2 Rxb3 44. a5 Rxb2+ 45. Kh3 Rd3+ 46. Kh4 Rh2# 0-1